TOP OF THE 1ST |
---|
Rutgers Scarlet Knights batting - Pitching for Louisiana State Tigers : RHP Miguel Casillas | Pitching: RHP Miguel Casillas | | Batting: SHB Pat Brock | 0-0: Ball 1-0: Ball 2-0: Fly out, F6 (Flyball, 6D) | Batting: LHB Dennis Montgomery | 0-0: Called Strike 0-1: Swinging Strike 0-2: Ball 1-2: Foul Ball, location: 2F 1-2: Strikes out swinging | Batting: RHB Howard Battle | 0-0: Called Strike 0-1: Swinging Strike 0-2: Ball 1-2: Foul Ball, location: 2F 1-2: Strikes out looking | Top of the 1st over - 0 runs, 0 hits, 0 errors, 0 left on base; Rutgers 0 - Louisiana State 0 | BOTTOM OF THE 1ST |
---|
Louisiana State Tigers batting - Pitching for Rutgers Scarlet Knights : RHP Robin Richmond | Pitching: RHP Robin Richmond | | Batting: LHB Mark Potter | 0-0: Ball 1-0: Ball 2-0: Foul Ball, location: 2F 2-1: Swinging Strike 2-2: Foul Ball, location: 2F 2-2: Strikes out swinging | Batting: LHB Jerry Flatt | 0-0: Ball 1-0: Called Strike 1-1: Ground out 5-3 (Groundball, 25) | Batting: RHB John Howell | 0-0: Ball 1-0: Swinging Strike 1-1: Ball 2-1: Foul Ball, location: 2F 2-2: Fly out, F7 (Flyball, 7S) | Bottom of the 1st over - 0 runs, 0 hits, 0 errors, 0 left on base; Rutgers 0 - Louisiana State 0 | TOP OF THE 2ND |
---|
Rutgers Scarlet Knights batting - Pitching for Louisiana State Tigers : RHP Miguel Casillas | Batting: RHB Harry Wilkins | 0-0: Swinging Strike 0-1: Fly out, F5 (Popup, 5SF) | Batting: RHB Randy Guthrie | 0-0: SINGLE (Groundball, 56) (infield hit) | Batting: RHB Joseph McCarteney | 0-0: Ball 1-0: Called Strike 1-1: Ball 2-1: Ground out U3 (Groundball, 34S) Randy Guthrie to second | Batting: LHB Andre Montgomery | 0-0: Swinging Strike 0-1: Foul Ball, location: 2F 0-2: Strikes out looking | Top of the 2nd over - 0 runs, 1 hit, 0 errors, 1 left on base; Rutgers 0 - Louisiana State 0 | BOTTOM OF THE 2ND |
---|
Louisiana State Tigers batting - Pitching for Rutgers Scarlet Knights : RHP Robin Richmond | Batting: LHB Ronald Wallace | 0-0: Foul Ball, location: 2F 0-1: Ball 1-1: Fly out, F8 (Flyball, 8RXD) | Batting: RHB Jonathan Bennett | 0-0: Ball 1-0: Ball 2-0: Ball 3-0: Called Strike 3-1: Base on Balls | Batting: RHB Devin Taylor | 0-0: Ball 1-0: Fly out, F9 (Line Drive, 89D) | Batting: LHB Rick Owens | 0-0: Foul Ball, location: 2F 0-1: SINGLE (Line Drive, 9LS) Jonathan Bennett to second Runner from 2nd tries for 3rd, SAFE, throw made to third | Batting: RHB Bill Sharp | 0-0: Swinging Strike 0-1: Ball 1-1: SINGLE (Groundball, 6D) Jonathan Bennett scores Rick Owens to second | Batting: RHB Ethan Ramos | 0-0: Ball 1-0: Called Strike 1-1: Foul Ball, location: 2F 1-2: Strikes out swinging | Bottom of the 2nd over - 1 run, 2 hits, 0 errors, 2 left on base; Rutgers 0 - Louisiana State 1 | TOP OF THE 3RD |
---|
Rutgers Scarlet Knights batting - Pitching for Louisiana State Tigers : RHP Miguel Casillas | Batting: RHB Michael Gibson | 0-0: Foul Ball, location: 2F 0-1: Ball 1-1: Ball 2-1: Swinging Strike 2-2: Foul Ball, location: 2F 2-2: Foul Ball, location: 2F 2-2: SINGLE (Groundball, 6M) (infield hit) | Batting: RHB Roy Lovell | 0-0: Foul Ball, location: 2F 0-1: Swinging Strike 0-2: Ball 1-2: Ball 2-2: Ball 3-2: Base on Balls Michael Gibson to second | Batting: SHB Pat Brock | 0-0: Ball 1-0: Ball 2-0: Ball 3-0: Called Strike 3-1: Fielders Choice at 2nd, 4-6 (Groundball, 4M) Michael Gibson to third | Batting: LHB Dennis Montgomery | 0-0: Ball 1-0: Ball 2-0: Called Strike 2-1: Foul Ball, location: 2F 2-2: Ball 3-2: SINGLE (Groundball, 34D) Michael Gibson scores Pat Brock to second Pat Brock to third | Batting: RHB Howard Battle | 0-0: Ball 1-0: SINGLE (Flyball, 9LS) Pat Brock scores Dennis Montgomery to second Runner from 2nd tries for 3rd, SAFE, no throw | Batting: RHB Harry Wilkins | 0-0: Fly out, F7 (Flyball, 7LS) Runner from 3rd tags up, SCORES, throw made | Batting: RHB Randy Guthrie | 0-0: Ball 1-0: Ball 2-0: Ball 3-0: Called Strike 3-1: Base on Balls Howard Battle to second | Batting: RHB Joseph McCarteney | 0-0: Ball 1-0: Ball 2-0: Foul Ball, location: 2F 2-1: Swinging Strike 2-2: Strikes out swinging | Top of the 3rd over - 3 runs, 3 hits, 0 errors, 2 left on base; Rutgers 3 - Louisiana State 1 | BOTTOM OF THE 3RD |
---|
Louisiana State Tigers batting - Pitching for Rutgers Scarlet Knights : RHP Robin Richmond | Batting: LHB Mark Potter | 0-0: Called Strike 0-1: Foul Ball, location: 2F 0-2: Ball 1-2: Foul Ball, location: 2F 1-2: Ball 2-2: Ball 3-2: Foul Ball, location: 2F 3-2: Foul Ball, location: 2F 3-2: Fly out, F7 (Flyball, 7LM) | Batting: LHB Jerry Flatt | 0-0: Ball 1-0: Ball 2-0: Called Strike 2-1: Called Strike 2-2: Foul Ball, location: 2F 2-2: Ball 3-2: SINGLE (Groundball, 6MD) | Batting: RHB John Howell | 0-0: Ball 1-0: Ball 2-0: Ball 3-0: Called Strike 3-1: Base on Balls Jerry Flatt to second | Batting: LHB Ronald Wallace | 0-0: Ball 1-0: Ball 2-0: SINGLE (Groundball, 6D) Jerry Flatt to third John Howell to second Runner from 3rd tries for Home, SAFE, no throw | Batting: RHB Jonathan Bennett | 0-0: Ball 1-0: Called Strike 1-1: Ball 2-1: Called Strike 2-2: Ball 3-2: Ground out 4-3 (Groundball, 4M) John Howell to third Ronald Wallace to second | Batting: RHB Devin Taylor | 0-0: SINGLE (Line Drive, 4MD) John Howell scores Ronald Wallace to third | Batting: LHB Rick Owens | 0-0: SINGLE (Groundball, 4MD) Ronald Wallace scores Devin Taylor to second | Batting: RHB Bill Sharp | 0-0: Swinging Strike 0-1: Foul Ball, location: 2F 0-2: Ball 1-2: Strikes out swinging | Bottom of the 3rd over - 3 runs, 4 hits, 0 errors, 2 left on base; Rutgers 3 - Louisiana State 4 | TOP OF THE 4TH |
---|
Rutgers Scarlet Knights batting - Pitching for Louisiana State Tigers : RHP Miguel Casillas | Batting: LHB Andre Montgomery | 0-0: Ball 1-0: SINGLE (Groundball, 34S) (infield hit) | Batting: RHB Michael Gibson | 0-0: Ball 1-0: Fly out, F9 (Flyball, 89D) | Batting: RHB Roy Lovell | 0-0: Ball Andre Montgomery is caught stealing 2nd base 1-0: Called Strike 1-1: Foul Ball, location: 2F 1-2: Ball 2-2: Ground out 4-3 (Groundball, 34) | Top of the 4th over - 0 runs, 1 hit, 0 errors, 0 left on base; Rutgers 3 - Louisiana State 4 | BOTTOM OF THE 4TH |
---|
Louisiana State Tigers batting - Pitching for Rutgers Scarlet Knights : RHP Robin Richmond | Batting: RHB Ethan Ramos | 0-0: Called Strike 0-1: SINGLE (Groundball, 34D) | Batting: LHB Mark Potter | 0-0: Ball 1-0: Called Strike 1-1: Foul Ball, location: 2F 1-2: SINGLE (Line Drive, 78M) Ethan Ramos to second Runner from 2nd tries for 3rd, SAFE, no throw | Batting: LHB Jerry Flatt | 0-0: Ball 1-0: Ball 2-0: Ground out 4-3 (Groundball, 34) Ethan Ramos scores Mark Potter to second | Batting: RHB John Howell | 0-0: Ground out 4-3 (Groundball, 4S) Mark Potter to third | Batting: LHB Ronald Wallace | 0-0: Called Strike 0-1: Ball 1-1: Foul Ball, location: 2F 1-2: Fly out, F9 (Line Drive, 9LD) | Bottom of the 4th over - 1 run, 2 hits, 0 errors, 1 left on base; Rutgers 3 - Louisiana State 5 | TOP OF THE 5TH |
---|
Rutgers Scarlet Knights batting - Pitching for Louisiana State Tigers : RHP Miguel Casillas | Batting: SHB Pat Brock | 0-0: Called Strike 0-1: Foul Ball, location: 2F 0-2: DOUBLE (Flyball, 8RD) | Batting: LHB Dennis Montgomery | 0-0: Ball 1-0: Ball 2-0: Swinging Strike 2-1: Ball 3-1: SINGLE (Groundball, 4MD) Pat Brock to third Runner from 3rd tries for Home, SAFE, throw made home | Batting: RHB Howard Battle | 0-0: Ball 1-0: Ball 2-0: Ball 3-0: Base on Balls Dennis Montgomery to second | Pitching: RHP Bartolo Cantú | | Batting: RHB Harry Wilkins | 0-0: Called Strike 0-1: Foul Ball, location: 2F 0-2: Ball 1-2: Grounds into double play, 6-4-3 (Groundball, 6) Dennis Montgomery to third | Batting: RHB Randy Guthrie | 0-0: Ball 1-0: 2-RUN HOME RUN (Flyball, 89XD), Distance : 390 ft | Batting: RHB Joseph McCarteney | 0-0: Ball 1-0: Ball 2-0: Ball 3-0: Called Strike 3-1: Fly out, F9 (Line Drive, 9) | Top of the 5th over - 3 runs, 3 hits, 0 errors, 0 left on base; Rutgers 6 - Louisiana State 5 | BOTTOM OF THE 5TH |
---|
Louisiana State Tigers batting - Pitching for Rutgers Scarlet Knights : RHP Robin Richmond | Pitching: RHP Tim Jackson | | Batting: RHB Jonathan Bennett | 0-0: Ball 1-0: Ball 2-0: Ball 3-0: Called Strike 3-1: SINGLE (Flyball, 78M) | Batting: RHB Devin Taylor | 0-0: Called Strike 0-1: Foul Ball, location: 2F 0-2: Ball 1-2: Ball 2-2: SINGLE (Flyball, 8RS) Jonathan Bennett to second | Batting: LHB Rick Owens | 0-0: Fly out, F8 (Flyball, 8RD) | Batting: RHB Bill Sharp | 0-0: Called Strike 0-1: Swinging Strike 0-2: Ball 1-2: Ball 2-2: Strikes out swinging | Batting: RHB Ethan Ramos | 0-0: Foul Ball, location: 2F 0-1: Foul Ball, location: 2F 0-2: Foul Ball, location: 2F 0-2: Ball 1-2: Strikes out looking | Bottom of the 5th over - 0 runs, 2 hits, 0 errors, 2 left on base; Rutgers 6 - Louisiana State 5 | TOP OF THE 6TH |
---|
Rutgers Scarlet Knights batting - Pitching for Louisiana State Tigers : RHP Bartolo Cantú | Batting: LHB Andre Montgomery | 0-0: Ball 1-0: Called Strike 1-1: Foul Ball, location: 2F 1-2: Strikes out swinging | Batting: RHB Michael Gibson | 0-0: Ball 1-0: Called Strike 1-1: Ball 2-1: Fly out, F8 (Flyball, 8RM) | Batting: RHB Roy Lovell | 0-0: SINGLE (Groundball, 4MD) | Batting: SHB Pat Brock | 0-0: Called Strike 0-1: Ball 1-1: DOUBLE (Groundball, 3L) Roy Lovell to third | Batting: LHB Dennis Montgomery | 0-0: Foul Ball, location: 2F 0-1: Ball 1-1: Ball 2-1: Foul Ball, location: 2F 2-2: Ball 3-2: Base on Balls | Batting: RHB Howard Battle | 0-0: Ball 1-0: Fly out, F9 (Line Drive, 9D) | Top of the 6th over - 0 runs, 2 hits, 0 errors, 3 left on base; Rutgers 6 - Louisiana State 5 | BOTTOM OF THE 6TH |
---|
Louisiana State Tigers batting - Pitching for Rutgers Scarlet Knights : RHP Tim Jackson | Batting: LHB Mark Potter | 0-0: Foul Ball, location: 2F 0-1: Swinging Strike 0-2: Fly out, F5 (Popup, 25F) | Batting: LHB Jerry Flatt | 0-0: Called Strike 0-1: Ball 1-1: SINGLE (Line Drive, 6MD) | Batting: RHB John Howell | 0-0: Called Strike 0-1: Ball 1-1: Swinging Strike 1-2: Strikes out looking | Batting: LHB Ronald Wallace | 0-0: Foul Ball, location: 2F 0-1: Called Strike 0-2: Fielders Choice at 2nd, 6-4 (Groundball, 6) | Bottom of the 6th over - 0 runs, 1 hit, 0 errors, 1 left on base; Rutgers 6 - Louisiana State 5 | TOP OF THE 7TH |
---|
Rutgers Scarlet Knights batting - Pitching for Louisiana State Tigers : RHP Bartolo Cantú | Batting: RHB Harry Wilkins | 0-0: Foul Ball, location: 2F 0-1: Ball 1-1: Foul Ball, location: 2F 1-2: Strikes out looking | Batting: RHB Randy Guthrie | 0-0: Called Strike 0-1: Foul Ball, location: 2F 0-2: Ball 1-2: Foul Ball, location: 2F 1-2: Ball 2-2: Strikes out swinging | Batting: RHB Joseph McCarteney | 0-0: Fly out, F8 (Flyball, 8RD) | Top of the 7th over - 0 runs, 0 hits, 0 errors, 0 left on base; Rutgers 6 - Louisiana State 5 | BOTTOM OF THE 7TH |
---|
Louisiana State Tigers batting - Pitching for Rutgers Scarlet Knights : RHP Tim Jackson | Batting: RHB Jonathan Bennett | 0-0: Ball 1-0: Ball 2-0: Ball 3-0: Called Strike 3-1: Swinging Strike 3-2: Strikes out swinging | Batting: RHB Devin Taylor | 0-0: Ball 1-0: Called Strike 1-1: Ball 2-1: Fly out, F3 (Popup, 34S) | Batting: LHB Rick Owens | 0-0: Ball 1-0: Foul Ball, location: 2F 1-1: Ball 2-1: Ball 3-1: Base on Balls | Batting: RHB Bill Sharp | 0-0: Called Strike 0-1: Ball 1-1: Ball 2-1: 2-RUN HOME RUN (Flyball, 7D), Distance : 344 ft | Pitching: RHP Brett Bennett | | Batting: RHB Ethan Ramos | 0-0: Ball 1-0: Ball 2-0: Ball 3-0: Base on Balls | Pinch Hitting: RHB Fernando Rodríguez | 0-0: Ball Ethan Ramos is caught stealing 2nd base | Bottom of the 7th over - 2 runs, 1 hit, 0 errors, 0 left on base; Rutgers 6 - Louisiana State 7 | TOP OF THE 8TH |
---|
Rutgers Scarlet Knights batting - Pitching for Louisiana State Tigers : RHP Bartolo Cantú | Now at 2B: Fernando Rodríguez | | Batting: LHB Andre Montgomery | 0-0: Called Strike 0-1: Swinging Strike 0-2: Foul Ball, location: 2F 0-2: Strikes out swinging | Batting: RHB Michael Gibson | 0-0: Ball 1-0: Ball 2-0: Called Strike 2-1: SINGLE (Line Drive, 34) | Batting: RHB Roy Lovell | 0-0: Foul Ball, location: 2F 0-1: Swinging Strike 0-2: Ball 1-2: Ball 2-2: Ball 3-2: Foul Ball, location: 2F 3-2: Strikes out swinging | Batting: SHB Pat Brock | 0-0: SINGLE (Groundball, 4) (infield hit) Michael Gibson to second | Pitching: LHP Derek Jacobs | | Batting: LHB Dennis Montgomery | 0-0: Called Strike 0-1: SINGLE (Groundball, 34D) Michael Gibson to third Pat Brock to second Runner from 3rd tries for Home, SAFE, no throw | Batting: RHB Howard Battle | 0-0: Called Strike 0-1: Swinging Strike 0-2: Ball 1-2: Ball 2-2: Fly out, F7 (Flyball, 78M) | Top of the 8th over - 1 run, 3 hits, 0 errors, 2 left on base; Rutgers 7 - Louisiana State 7 | BOTTOM OF THE 8TH |
---|
Louisiana State Tigers batting - Pitching for Rutgers Scarlet Knights : RHP Brett Bennett | Batting: RHB Fernando Rodríguez | 0-0: Ball 1-0: Ball 2-0: Swinging Strike 2-1: Foul Ball, location: 2F 2-2: Foul Ball, location: 2F 2-2: Fly out, F5 (Popup, 25F) | Batting: LHB Jerry Flatt | 0-0: Swinging Strike 0-1: Ball 1-1: Swinging Strike 1-2: Ball 2-2: Ball 3-2: Base on Balls | Batting: RHB John Howell | 0-0: Ball Wild Pitch! Jerry Flatt to second 1-0: Ball 2-0: Foul Ball, location: 2F 2-1: Called Strike 2-2: Fly out, F9 (Flyball, 9) | Batting: LHB Ronald Wallace | 0-0: Ball 1-0: Ball 2-0: Ball 3-0: Base on Balls | Batting: RHB Jonathan Bennett | 0-0: Called Strike 0-1: Ball 1-1: Fly out, F9 (Flyball, 89D) | Bottom of the 8th over - 0 runs, 0 hits, 0 errors, 2 left on base; Rutgers 7 - Louisiana State 7 | TOP OF THE 9TH |
---|
Rutgers Scarlet Knights batting - Pitching for Louisiana State Tigers : LHP Derek Jacobs | Batting: RHB Harry Wilkins | 0-0: Ball 1-0: Ball 2-0: Called Strike 2-1: Called Strike 2-2: Ball 3-2: Foul Ball, location: 2F 3-2: Fly out, F7 (Flyball, 7S) | Batting: RHB Randy Guthrie | 0-0: Called Strike 0-1: Ball 1-1: Foul Ball, location: 2F 1-2: Ball 2-2: Ground out 5-3 (Groundball, 56) | Batting: RHB Joseph McCarteney | 0-0: Ball 1-0: Foul Ball, location: 2F 1-1: Swinging Strike 1-2: Foul Ball, location: 2F 1-2: Ball 2-2: Ball 3-2: Foul Ball, location: 2F 3-2: SINGLE (Groundball, 4D) | Batting: LHB Andre Montgomery | 0-0: Called Strike 0-1: Called Strike 0-2: Strikes out swinging | Top of the 9th over - 0 runs, 1 hit, 0 errors, 1 left on base; Rutgers 7 - Louisiana State 7 | BOTTOM OF THE 9TH |
---|
Louisiana State Tigers batting - Pitching for Rutgers Scarlet Knights : RHP Brett Bennett | Batting: RHB Devin Taylor | 0-0: Ball 1-0: Foul Ball, location: 2F 1-1: Ground out 5-3 (Groundball, 56) | Batting: LHB Rick Owens | 0-0: Swinging Strike 0-1: Swinging Strike 0-2: Foul Ball, location: 2F 0-2: Ball 1-2: Foul Ball, location: 2F 1-2: Strikes out swinging | Batting: RHB Bill Sharp | 0-0: Called Strike 0-1: Swinging Strike 0-2: Ground out 1-3 (Groundball, 13) | Bottom of the 9th over - 0 runs, 0 hits, 0 errors, 0 left on base; Rutgers 7 - Louisiana State 7 | TOP OF THE 10TH |
---|
Rutgers Scarlet Knights batting - Pitching for Louisiana State Tigers : LHP Derek Jacobs | Batting: RHB Michael Gibson | 0-0: Ball 1-0: Foul Ball, location: 2F 1-1: Ball 2-1: Ball 3-1: Foul Ball, location: 2F 3-2: Base on Balls | Pitching: RHP Will Shelley | | Batting: RHB Roy Lovell | 0-0: Ball 1-0: Ball 2-0: Foul Ball, location: 2F 2-1: Fly out, F9 (Line Drive, 89M) | Batting: SHB Pat Brock | 0-0: Foul Ball, location: 2F 0-1: Ball 1-1: Foul Ball, location: 2F 1-2: Foul Ball, location: 2F 1-2: Foul Ball, location: 2F 1-2: Ball 2-2: Foul Ball, location: 2F 2-2: Ball 3-2: SINGLE (Line Drive, 6MD) Michael Gibson to second | Batting: LHB Dennis Montgomery | 0-0: Swinging Strike 0-1: Ball 1-1: Foul Ball, location: 2F 1-2: Strikes out looking | Batting: RHB Howard Battle | 0-0: Ball 1-0: Swinging Strike 1-1: SINGLE (Line Drive, 34D) Michael Gibson to third Pat Brock to second | Batting: RHB Harry Wilkins | 0-0: Called Strike 0-1: Ball 1-1: Foul Ball, location: 2F 1-2: Foul Ball, location: 2F 1-2: Ball 2-2: SINGLE (Groundball, 34D) Michael Gibson scores Pat Brock to third Howard Battle to second Runner from 3rd tries for Home, SAFE, throw made home | Batting: RHB Randy Guthrie | 0-0: Ground out 4-3 (Groundball, 4) | Top of the 10th over - 2 runs, 3 hits, 0 errors, 2 left on base; Rutgers 9 - Louisiana State 7 | BOTTOM OF THE 10TH |
---|
Louisiana State Tigers batting - Pitching for Rutgers Scarlet Knights : RHP Brett Bennett | Pitching: LHP Jack Greene | | Batting: RHB Ethan Ramos | 0-0: Fly out, F9 (Flyball, 9S) | Batting: RHB Fernando Rodríguez | 0-0: Fly out, F8 (Flyball, 8LS) | Batting: LHB Jerry Flatt | 0-0: Ball 1-0: Ball 2-0: Called Strike 2-1: Ball 3-1: Foul Ball, location: 2F 3-2: Fly out, F7 (Line Drive, 7D) | Bottom of the 10th over - 0 runs, 0 hits, 0 errors, 0 left on base; Rutgers 9 - Louisiana State 7 | |